cohdb
Replays
Latest Replays
All Replays
Popular Replays
Top Player Replays
Match Explorer
How It Works
Community
CoH3 Stats
Reddit
Sign in to upload your games and track your stats! →
Sign in with Steam
Match 45109671
Unlisted
Match 45109671
Overview
Messages
Build Orders
End
Kettenkrad Recon Vehicle
Construct Infanterie Kompanie
MG 42 Machine Gun Team
Grenadier Squad
Grenadier Squad
Construct Luftwaffe Kompanie
Jäger Squad
Flak 30 Anti-aircraft Gun Team
Support Elements
Medical Bunker
Forward Retreat Point
Marder III M Tank Destroyer
Selects Luftwaffe Battlegroup
Selects Luftwaffe Pioneer Support
Selects LG40 Recoilless Gun Paradrop
Selects Stuka Strafing Run
Selects Fallschirmjäger Squad Paradrop
Wirbelwind Flakpanzer
Selects Stuka Loiter
Stuka Loiter
Construct Panzer Kompanie
Forward Retreat Point
MG 42 Bunker
Panzer IV Medium Tank
Pioneer Squad
Selects Infantry Reserves
Panzer IV Medium Tank
Pioneer Squad
Fratley
skyhawkfranky
Cicero_540
Drink||Chouchen
Drink||Karmeliet
Drink||PiconBiere
0
0
Comments
sign in to comment!
No comments posted yet!